 Dungeon Crawl Stone Soup version 0.20.1-1-g8b1a95d (webtiles) character file.

91 Linguinho the Skirmisher (level 4, -1/35 HPs)
             Began as a Demonspawn Fighter on Nov 9, 2017.
             Killed by divine providence
             ... invoked by an orc priest
              (15 damage)
             ... on level 3 of the Dungeon.
             The game lasted 00:04:50 (1618 turns).

Linguinho the Skirmisher (Demonspawn Fighter)       Turns: 1618, Time: 00:04:51

Health: -1/35      AC:  6    Str: 17    XL:     4   Next: 34%
Magic:  4/4        EV:  8    Int: 10    God:
Gold:   50         SH:  9    Dex: 14    Spells: 3/3 levels left

rFire    . . .     SeeInvis .   i - +0 dagger
rCold    . . .     Gourm    .   c - +0 shield
rNeg     . . .     Faith    .   n - +0 ring mail
rPois    .         Spirit   .   (helmet restricted)
rElec    .         Reflect  .   (no cloak)
rCorr    +         Harm     .   (no gloves)
MR       .....                  h - +0 pair of boots
Stlth    ++........             (no amulet)
Regen    0.2/turn               e - ring of resist corrosion (curse)
MPRegen  0.1/turn               (no ring)

@: no status effects
A: antennae 2, thin skeletal structure 1
a: no special abilities


You were on level 3 of the Dungeon.
You were hungry.

You visited 1 branch of the dungeon, and saw 3 of its levels.

You collected 50 gold pieces.

Inventory:

Hand Weapons
 a - a +0 war axe
 i - a +0 dagger (weapon)
Armour
 c - a +0 shield (worn)
 h - a +0 pair of boots (worn)
 n - a +0 ring mail (worn)
Jewellery
 e - a cursed ring of resist corrosion (left hand)
Scrolls
 b - a scroll of fog {unknown}
 j - a scroll of enchant armour {unknown}
 k - 3 scrolls of remove curse {unknown}
 l - 3 scrolls of blinking {unknown}
Potions
 d - a potion of might
Comestibles
 f - 2 bread rations
 g - a meat ration


   Skills:
 - Level 3.4 Fighting
 + Level 1.0 Short Blades
 - Level 2.0 Axes
 - Level 3.2 Armour
 + Level 0.8 Dodging
 * Level 1.8 Stealth
 - Level 2.9 Shields


You had 3 spell levels left.
You didn't know any spells.

Dungeon Overview and Level Annotations

Branches:
Dungeon (3/15)

Altars:
Elyvilon


Innate Abilities, Weirdness & Mutations

You have a pair of antennae on your head.
You have a somewhat thin skeletal structure. (Dex +2, Stealth)


Message History

You completely miss the orc wizard. The jackal barely misses you.
The orc wizard hits you with a mace. You block the orc's attack.
You hit the orc wizard.
The orc wizard is lightly wounded.
The jackal bites you but does no damage.
You block the orc wizard's attack. You block the orc's attack.
The jackal bites you but does no damage.
You closely miss the orc wizard.
The orc wizard is lightly wounded.
The jackal barely misses you.
The orc wizard hits you but does no damage.
The orc hits you but does no damage.
You hit the orc wizard but do no damage.
The orc wizard is lightly wounded.
The jackal bites you but does no damage.
The orc priest mumbles some strange prayers to Beogh against you.
Beogh smites you! The orc hits you but does no damage.
The orc priest mumbles some strange prayers to Beogh against you.
Beogh smites you!
You die...

# ....?. #.
...... #.#
...... #..#
#......
...###....$
....#...
#.#ooo#
#.#ohh#
#.#@#{..#
##.#o###...#
#....## #.#
#.#...# # #
###.####
#..#.#
##.#.#
#####...#
.........##


You could see 2 orc priests, an orc wizard, 2 orcs and 2 jackals.

Vanquished Creatures
  2 adders (D:2)
  An ooze (D:1)
  3 dart slugs
  4 leopard geckos
  3 bats (D:2)
  8 hobgoblins
  10 jackals
  4 kobolds
  A quokka (D:2)
  7 frilled lizards
  7 goblins
  5 rats
55 creatures vanquished.

Notes
Turn   | Place    | Note
-------+----------+-------------------------------------------
     0 | D:1      | Linguinho the Demonspawn Fighter began the quest for the Orb.
     0 | D:1      | Reached XP level 1. HP: 18/18 MP: 1/1
    82 | D:1      | Gained mutation: You have a somewhat thin skeletal structure. (Dex +2, Stealth) [demonic ancestry]
    82 | D:1      | Reached XP level 2. HP: 16/24 MP: 2/2
   455 | D:1      | Gained mutation: You have a pair of small antennae on your head. [demonic ancestry]
   455 | D:1      | Reached XP level 3. HP: 28/29 MP: 3/3
   832 | D:2      | Reached skill level 1 in Stealth
  1184 | D:2      | Gained mutation: You have a pair of antennae on your head. [demonic ancestry]
  1184 | D:2      | Reached XP level 4. HP: 35/35 MP: 4/4
  1185 | D:2      | Found a faded altar of an unknown god.
  1311 | D:2      | Found a white marble altar of Elyvilon.
  1401 | D:2      | Reached skill level 1 in Short Blades
  1618 | D:3      | Killed from afar by an orc priest

Skill      XL: |  1  2  3  4 |
---------------+-------------+-----
Axes           | 2 |  2.0
Armour         | 3 |  3.2
Stealth        | 1 |  1.8
Short Blades   | 1 |  1.0
Fighting       | |  3.4
Dodging        | |  0.8
Shields        | |  2.9

Action                   |  1- 3 |  4- 6 || total
-------------------------+-------+-------++-------
Melee: War axe           |    95 |       ||    95
       Dagger            |    80 |    75 ||   155
       Short sword       |     6 |       ||     6
 Stab: Sleeping          |       |     2 ||     2
  Eat: Chunk             |     1 |     1 ||     2
Armor: Scale mail        |    74 |     3 ||    77
       Ring mail         |       |    46 ||    46
Dodge: Dodged            |    49 |    33 ||    82
Block: Shield            |    92 |    51 ||   143
